Map: [ESL] Hard Lead

Players

HeroMarine - Winner!

  • Race: Terran Terran
  • Spawn Location: 11:00

Krystianer

  • Race: Protoss Protoss
  • Spawn Location: 5:00

Event: ESL SC2 Masters 2023 Winter (Regional)

VOD

Have the link to the VOD?

Description

Time

  • Played on: Nov. 3, 2023, 10:56 a.m.
  • Length: 10:48

All games in this series

Show
View Real Time Build Order
Export as new Build Order

HeroMarine Terran - Winner!

Build Orders:  

Get SALT Encoding   

  12  0:00  SCV  
  13  0:12  SCV  
  14  0:17  Supply Depot  
  14  0:24  SCV  
  15  0:38  SCV  
  15  0:40  Barracks  
  16  0:44  Refinery  
  16  0:50  SCV  
  16  0:52  Refinery  
  17  1:03  SCV  
  18  1:15  SCV  
  19  1:27  Reaper, Orbital Command  
  20  1:40  Factory  
  20  1:46  Supply Depot  
  20  1:53  SCV  
  21  1:59  Barracks Reactor  
  21  2:05  SCV  
  22  2:15  Command Center  
  22  2:17  SCV  
  23  2:29  SCV  
  24  2:30  Starport  
  24  2:35  Widow Mine  
  26  2:41  SCV, Supply Depot  
  27  2:45  Marine x2  
  29  2:53  SCV  
  30  3:02  Cyclone  
  30  3:03  Marine  
  30  3:05  SCV  
  34  3:07  Marine  
  34  3:10  Medivac  
  36  3:17  SCV  
  37  3:21  Marine  
  37  3:25  Marine  
  39  3:27  Orbital Command  
  39  3:29  SCV  
  40  3:35  Factory Tech Lab  
  40  3:39  Marine  
  41  3:43  Marine  
  41  3:44  Orbital Command  
  41  3:45  SCV  
  41  3:47  Starport Tech Lab  
  43  3:55  Siege Tank  
  46  3:57  SCV  
  46  3:58  Marine  
  48  4:09  SCV  
  49  4:15  SCV  
  50  4:18  Marine  
  50  4:19  Marine  
  50  4:21  SCV  
  53  4:24  Barracks  
  53  4:26  Raven  
  53  4:27  SCV  
  54  4:33  SCV  
  54  4:36  Marine x2  
  54  4:39  SCV  
  54  4:41  Siege Tank  
  54  4:45  SCV  
  57  4:51  SCV  
  58  4:54  Marine x2  
  58  4:57  SCV  
  61  5:03  SCV  
  59  5:09  SCV  
  59  5:11  Barracks  
  59  5:12  Marine x2  
  59  5:13  Siege Tank  
  63  5:15  SCV  
  63  5:18  Bunker  
  64  5:21  SCV  
  64  5:23  Engineering Bay  
  64  5:25  Stimpack  
  64  5:26  Marine  
  64  5:27  SCV  
  67  5:30  Supply Depot  
  67  5:32  Marine  
  67  5:33  SCV  
  69  5:37  Refinery  
  69  5:38  Supply Depot  
  69  5:40  SCV  
  70  5:51  Marine  
  70  5:52  Marauder, SCV x2  
  70  5:53  Terran Infantry Weapons Level 1, Supply Depot  
  70  5:55  Refinery, Marine  
  76  6:02  Factory Tech Lab  
  76  6:03  Bunker  
  76  6:04  SCV x2  
  77  6:09  Marine  
  77  6:10  Combat Shield, Marauder  
  80  6:13  Starport Reactor  
  80  6:15  Marauder  
  80  6:17  SCV x2  
  82  6:27  Marine x2  
  82  6:29  SCV x2  
  82  6:32  Marauder  
  88  6:35  Marine  
  92  6:42  Supply Depot  
  92  6:44  Marine  
  92  6:46  Marine  
  91  6:47  Factory Reactor  
  91  6:52  Medivac  
  91  6:53  Marauder  
  94  6:57  Supply Depot  
  94  6:58  Supply Depot  
  93  7:03  Marine x2  
  93  7:04  Medivac, Marauder  
  93  7:06  Concussive Shells  
  93  7:08  SCV x2  
  99  7:14  Marauder  
  101  7:17  Supply Depot  
  100  7:25  Marine x2, Marauder  
  100  7:27  Command Center  
  100  7:29  SCV x2  
  106  7:34  Medivac x2  
  106  7:36  Marauder  
  112  7:42  SCV x2  
  112  7:44  Marine x2  
  111  7:46  Widow Mine  
  111  7:47  Marauder  
  115  7:57  Marauder  
  117  8:01  Marine  
  117  8:02  Marine  
  117  8:03  Widow Mine  
  117  8:04  Viking  
  123  8:07  Widow Mine  
  123  8:08  Marauder  
  122  8:13  Missile Turret  
  122  8:18  Marauder  
  122  8:19  Marine  
  116  8:23  Missile Turret, Marine  
  113  8:30  Marauder  
  113  8:34  Missile Turret  
  113  8:35  Missile Turret  
  113  8:37  Marine  
  113  8:40  Marauder  
  115  8:41  Marine  
  113  8:58  Marauder  
  113  9:00  Marine  
  113  9:01  Marauder  
  113  9:02  SCV  
  113  9:03  SCV  
  98  9:12  Marine  
  98  9:16  Medivac x2  
  103  9:18  Marine  
  103  9:19  Marauder  
  103  9:21  Orbital Command  
  103  9:23  Marauder  
  105  9:32  Barracks  
  105  9:33  Factory Reactor  
  105  9:34  Barracks  
  105  9:40  SCV  
  105  9:41  Marauder, SCV  
  109  9:52  Marine  
  109  9:53  Marine x2  
  112  9:58  Missile Turret  
Show
View Real Time Build Order
Export as new Build Order

Krystianer Protoss 

Build Orders: 1 Gate Expand, Blink Stalkers 

Get SALT Encoding   

  12  0:08  Pylon  
  12  0:12  Probe (Chrono Boost)  
  13  0:24  Probe (Chrono Boost)  
  14  0:29  Gateway  
  14  0:33  Probe (Chrono Boost)  
  15  0:40  Probe  
  16  0:44  Assimilator  
  16  0:52  Probe  
  17  1:04  Probe  
  18  1:16  Cybernetics Core, Probe  
  19  1:31  Nexus  
  19  1:35  Probe  
  20  1:41  Pylon  
  20  1:47  Probe  
  20  1:49  Adept (Chrono Boost)  
  23  1:56  Assimilator  
  23  1:59  Probe  
  24  2:02  Warp Gate  
  24  2:09  Adept (Chrono Boost)  
  24  2:14  Probe  
  27  2:26  Probe  
  27  2:32  Stalker  
  29  2:40  Probe (Chrono Boost)  
  29  2:44  Probe (Chrono Boost)  
  32  2:54  Probe (Chrono Boost)  
  32  2:55  Probe (Chrono Boost)  
  32  2:58  Twilight Council  
  33  2:59  Probe (Chrono Boost)  
  33  3:02  Probe  
  35  3:10  Probe (Chrono Boost)  
  36  3:20  Probe (Chrono Boost)  
  36  3:22  Probe (Chrono Boost)  
  38  3:27  Probe (Chrono Boost)  
  38  3:28  Probe (Chrono Boost)  
  38  3:31  Blink (Chrono Boost)  
  39  3:34  Robotics Facility  
  39  3:36  Probe  
  39  3:38  Probe  
  39  3:40  Gateway  
  41  3:48  Probe  
  41  3:50  Probe  
  41  3:52  Gateway  
  41  3:53  Gateway  
  43  3:58  Pylon  
  43  3:59  Stalker  
  43  4:02  Probe  
  46  4:10  Probe  
  46  4:14  Probe  
  42  4:22  Stalker, Probe  
  44  4:26  Probe  
  44  4:34  Probe  
  44  4:38  Probe  
  44  4:45  Stalker  
  46  4:46  Probe  
  46  4:49  Stalker  
  46  4:50  Stalker  
  50  4:52  Stalker  
  51  5:01  Pylon  
  51  5:05  Probe  
  51  5:06  Probe  
  49  5:07  Warp Prism (Chrono Boost)  
  51  5:17  Probe  
  51  5:21  Stalker x2  
  56  5:23  Assimilator  
  56  5:25  Stalker  
  58  5:31  Pylon  
  58  5:32  Stalker  
  58  5:33  Probe  
  61  5:39  Pylon  
  61  5:53  Probe  
  62  6:00  Stalker x3  
  62  6:01  Pylon  
  62  6:02  Stalker  
  62  6:03  Probe  
  69  6:19  Probe  
  69  6:23  Stalker x3  
  69  6:25  Probe  
  75  6:29  Nexus  
  73  6:35  Probe (Chrono Boost)  
  73  6:37  Probe (Chrono Boost)  
  75  6:46  Dark Shrine, Probe (Chrono Boost)  
  77  6:47  Probe (Chrono Boost)  
  77  6:51  Probe (Chrono Boost)  
  77  6:52  Probe (Chrono Boost)  
  79  7:01  Probe  
  80  7:03  Probe  
  81  7:11  Charge (Chrono Boost)  
  81  7:13  Pylon, Probe  
  81  7:14  Pylon  
  82  7:15  Probe  
  82  7:16  Pylon  
  82  7:19  Gateway  
  82  7:21  Gateway  
  83  7:25  Probe  
  83  7:26  Gateway  
  83  7:28  Gateway, Probe  
  85  7:38  Probe  
  86  7:48  Probe  
  83  7:52  Gateway  
  83  7:53  Pylon  
  83  7:55  Shield Battery  
  83  7:58  Dark Templar  
  83  7:59  Dark Templar x3  
  83  8:04  Probe  
  82  8:16  Nexus  
  82  8:17  Dark Templar  
  78  8:20  Probe  
  78  8:21  Probe  
  74  8:33  Probe  
  74  8:34  Zealot x3  
  74  8:39  Zealot  
  80  8:47  Zealot  
  80  8:55  Zealot  
  61  9:27  Dark Templar x3  
  67  9:32  Archon  
  67  9:39  Pylon, Zealot x2  
  67  9:41  Archon  
Tags
 
Add a new tag
Caveats
  • Supply blocks, unpowered buildings, or Contaminate may cause inaccurate times.
  • Supply counts are checked every 10 seconds.